 Dungeon Sprint DCSS version 0.28-a0-1339-ga5422284a4 (webtiles) character file.

Game seed: 2416281720208097162

56984 mhtbhm the Phalangite (level 15, -8/150 HPs)
             Began as a Human Berserker on Dec 28, 2021.
             Was the Champion of Trog.
             Shot with a bolt by a yaktaur captain (25 damage)
             ... in the Dungeon (Sprint IX: "|||||||||||||||||||||||||||||").
             The game lasted 00:13:31 (4829 turns).

mhtbhm the Phalangite (Human Berserker)             Turns: 4829, Time: 00:13:31

Health: -8/150     AC: 30    Str: 34    XL:     15   Next: 24%
Magic:  15/15      EV: 12    Int:  6    God:    Trog [******]
Gold:   222        SH:  0    Dex: 12    Spells: 14/14 levels left

rFire   . . .      SeeInvis +   a - +9 glaive of Yniw {flame, *Slow rPois Str+6 SInv}
rCold   . . .      Faith    +   (no shield)
rNeg    . . .      Spirit   .   b - +1 plate armour {rPois}
rPois   +          Reflect  .   l - +0 helmet
rElec   +          Harm     .   y - +0 cloak
rCorr   +          Rampage  .   k - +0 pair of gloves
Will    +....      NoTele   +   I - +0 pair of boots of Sophism {rElec rCorr Int-2 Stlth+}
Stlth   ..........              B - amulet of faith
HPRegen 0.35/turn               n - +3 ring of strength
MPRegen 0.14/turn               C - +4 ring of protection

@: on berserk cooldown, slowed, very slow
A: no striking features
a: Renounce Religion, Berserk, Trog's Hand, Brothers in Arms


You were in the Dungeon.
You worshipped Trog.
Trog was exalted by your worship.
You visited 1 branch You collected 1942 gold pieces.
You spent 1720 gold pieces at shops.

Inventory:

Hand Weapons
 a - the +9 glaive of Yniw (weapon) {flame, *Slow rPois Str+6 SInv}
   (Trog gifted it to you in the Dungeon)

   It burns those it strikes, dealing additional fire damage.
   Big, fiery blades are also staple armaments of hydra-hunters.
   Str:       It affects your strength (+6).
   rPois:     It protects you from poison.
   SInv:      It lets you see invisible.
   *Slow:     It may slow you when you take damage.
 h - a +7 antimagic bardiche
 w - the +8 halberd of Daibauha {flame, Fly rF+++ rC- rCorr}
   (Trog gifted it to you in the Dungeon)

   It burns those it strikes, dealing additional fire damage.
   Big, fiery blades are also staple armaments of hydra-hunters.
   rF:        It renders you almost immune to fire.
   rC:        It makes you vulnerable to cold.
   Fly:       It grants you flight.
   rCorr:     It protects you from acid and corrosion.
 A - a +2 double sword of holy wrath
Missiles
 p - a curare-tipped dart (quivered)
 z - 7 javelins
Armour
 b - a +1 plate armour of poison resistance (worn)
 k - a +0 pair of gloves (worn)
 l - a +0 helmet (worn)
 y - a +0 cloak (worn)
 H - an orb of wrath
 I - the +0 pair of boots of Sophism (worn) {rElec rCorr Int-2 Stlth+}
   (You found it in the Dungeon)

   Int:       It affects your intelligence (-2).
   rElec:     It insulates you from electricity.
   rCorr:     It protects you from acid and corrosion.
   Stlth:     It makes you more stealthy.
 J - a +1 tower shield
Jewellery
 m - an amulet of reflection
 n - a +3 ring of strength (left hand)
 B - an amulet of faith (around neck)
 C - a +4 ring of protection (right hand)
 D - a ring of protection from fire
 E - a ring of willpower
 G - a ring of see invisible
Wands
 j - a wand of acid (8)
Scrolls
 r - 3 scrolls of fog
 s - 2 scrolls of enchant weapon
 t - 2 scrolls of enchant armour
 u - 2 scrolls of fear
 x - a scroll of identify
Potions
 c - 6 potions of curing
 d - 5 potions of heal wounds
 e - 2 potions of haste
 f - 4 potions of magic
 g - 2 potions of berserk rage
 i - a potion of invisibility
 q - a potion of mutation
 K - a potion of might


   Skills:
 + Level 23.5 Fighting
 + Level 26.6 Polearms
 + Level 18.0 Armour
 + Level 8.2 Dodging
 + Level 5.2 Stealth
 + Level 2.7 Evocations


You had 14 spell levels left.
You didn't know any spells.
Your spell library was empty.

Dungeon Overview and Level Annotations

Branches:
Dungeon (1/1)

Altars:
Cheibriados
Dithmenos
Elyvilon
Fedhas
Gozag
Hepliaklqana
Kikubaaqudgha
Makhleb
Nemelex Xobeh
Okawaru
Qazlal
Ru
Sif Muna
Trog
Uskayaw
Vehumet
Wu Jian
Xom
Yredelemnul
Zin
The Shining One
Beogh
Jiyva
Lugonu

Shops:
D :[=:


Message History

The vault guard closely misses you.
A vault guard and a red draconian come into view.
You slash the vault guard! You burn the vault guard.
The vault guard is lightly wounded.
The vault guard hits you but does no damage.
You slice the vault guard like a ripe choko!!!
You burn the vault guard!!
You kill the vault guard!
Trog accepts your kill.
The ironbound convoker is no longer covered in acid.
The yaktaur captain unwields a +0 arbalest.
The yaktaur captain hits you.
Unknown command.
You barely miss the yaktaur captain.
The yaktaur captain is lightly wounded.
The vault warden hits you but does no damage.
Unknown command.
Reach: a) +9 glaive of Yniw {flame, *Slow rPois Str+6 SInv}
Press: ? - help, Dir - move target, f - vault warden
Aim: a vault warden, wielding a +0 halberd of protection and wearing a +0 plate armour (lightly wounded, strong, about 22% to evade the +9 glaive of Yniw)
Okay, then.
You feel much better.
The yaktaur captain hits you but does no damage.
The vault warden hits you but does no damage.
The yaktaur captain hits you but does no damage.
Unknown command.
Your cyclops goes berserk!
The vault warden hits you from afar with a +0 halberd of protection!!!
* * * LOW HITPOINT WARNING * * *
The yaktaur captain completely misses you.
The vault warden hits you from afar with a +0 halberd of protection!!
* * * LOW HITPOINT WARNING * * *
Unknown command.
You swap places.
The vault sentinel blows a loud note on a signal horn!
The yaktaur captain wields a +0 arbalest.
The yaktaur captain shoots a bolt.
The bolt completely misses your cyclops.
The bolt hits you!!
You die...

.▓.▓.▓.▓.▓.▓)▓.▓+▓
.▓.▓.▓.▓.▓.▓)▓.▓[▓
.▓.▓.▓.▓.▓.▓)▓)▓)▓
.▓.▓.▓.▓.▓.▓.▓)▓)▓
)▓[▓)▓.▓.▓.▓.▓.▓)▓
†▓.▓.▓.▓)▓.▓.▓.▓†▓
.▓.▓)▓.▓'▓.▓.▓.▓)▓
.▓.▓)▓.▓)▓.▓.▓.▓.▓
.▓.▓)▓.▓)▓.▓.▓.▓@▓
.▓.▓)▓)▓)▓.▓)▓.▓C▓
.▓.▓∩▓=▓.▓.▓.▓.▓c▓
.▓.▓.▓.▓.▓.▓.▓.▓p▓
.▓.▓∩▓.▓.▓.▓.▓.▓p▓
.▓.▓.▓.▓.▓.▓.▓.▓c▓
)▓.▓∩▓.▓)▓.▓.▓.▓d▓
.▓.▓)▓.▓.▓.▓.▓.▓p▓
.▓.▓∩▓.▓.▓.▓.▓.▓.▓


You could see a red draconian, a vault warden (strong), 2 yaktaur captains, a
vault sentinel (strong, catching breath), an ironbound convoker and a friendly
cyclops (summoned, berserk).

Vanquished Creatures
  A lich (D)
  A nagaraja (D)
  An emperor scorpion (D)
  A frost giant (D)
  An ironbound preserver (D)
  A very ugly thing (D)
  A spark wasp (D)
  An ettin (D)
  A merfolk javelineer (D)
  2 yaktaur captains (D)
  A rakshasa (D)
  A fire dragon (D)
  2 great orbs of eyes (D)
  A vault guard (D)
  A boulder beetle (D)
  4 hydras (D)
  4 ice dragons (D)
  An anaconda (D)
  A centaur warrior (D)
  An alligator snapping turtle (D)
  An ironbound frostheart (D)
  A catoblepas (D)
  A merfolk aquamancer (D)
  6 death yaks (D)
  A two-headed ogre (D)
  2 tengu warriors (D)
  A deep troll earth mage (D)
  Nergalle (D)
  Urug (D)
  A hell knight (D)
  A pharaoh ant (D)
  A steelbarb worm (D)
  2 spriggan druids (D)
  2 lindwurms (D)
  An orb spider (D)
  3 wizards (D)
  2 naga ritualists (D)
  A swamp dragon (D)
  A glowing orange brain (D)
  2 ironbound convokers (D)
  2 orc knights (D)
  6 orc sorcerers (D)
  2 will-o-the-wisps (D)
  An ugly thing (D)
  2 manticores (D)
  An elephant (D)
  A merfolk siren (D)
  A black mamba (D)
  A guardian serpent (D)
  3 naga magi (D)
  A cane toad (D)
  2 vault sentinels (D)
  A freezing wraith (D)
  A kobold demonologist (D)
  An efreet (D)
  4 yaktaurs (D)
  A tengu conjurer (D)
  3 komodo dragons (D)
  2 merfolk (D)
  2 meliai (D)
  A hornet (D)
  A tyrant leech (D)
  A polar bear (D)
  A tarantella (D)
  A slime creature (D)
  A snapping turtle (D)
  A jumping spider (D)
  A wraith (D)
  A shadow (D)
  4 yaks (D)
  A redback (D)
  A vampire mosquito (D)
  A naga (D)
  2 water moccasins (D)
  12 orc warriors (D)
  2 wolves (D)
  A kobold brigand (D)
  2 bullfrogs (D)
  A gnoll sergeant (D)
  2 howler monkeys (D)
  5 orc priests (D)
  A gnoll shaman (D)
  11 orc wizards (D)
  An adder (D)
  5 orcs (D)
  A bat (D)
  A goblin (D)
  A ball python skeleton (D)
  A frilled lizard (D)
  2 kobolds (D)
165 creatures vanquished.

Vanquished Creatures (collateral kills)
  A vault warden (D)
  2 very ugly things (D)
  An entropy weaver (D)
  An ettin (D)
  2 fire dragons (D)
7 creatures vanquished.

Vanquished Creatures (others)
  4 foxfires (D)
4 creatures vanquished.

Grand Total: 176 creatures vanquished

Notes
Turn   | Place    | Note
-------+----------+-------------------------------------------
     0 | D        | mhtbhm the Human Berserker began the quest for the Orb.
     0 | D        | Reached XP level 1. HP: 18/18 MP: 1/1
    10 | D        | Reached ** piety under Trog
    75 | D        | Noticed a howler monkey
    75 | D        | Noticed a howler monkey
    82 | D        | Reached skill level 4 in Polearms
    82 | D        | Reached XP level 2. HP: 25/25 MP: 2/2
    85 | D        | Killed a howler monkey
    85 | D        | Reached *** piety under Trog
    86 | D        | Reached skill level 5 in Fighting
    86 | D        | Reached skill level 5 in Polearms
    86 | D        | Reached XP level 3. HP: 33/33 MP: 3/3
    86 | D        | Reached XP level 4. HP: 39/39 MP: 4/4
    96 | D        | Reached skill level 6 in Polearms
   103 | D        | Found a snail-covered altar of Cheibriados.
   103 | D        | Found a shadowy altar of Dithmenos.
   103 | D        | Found a white marble altar of Elyvilon.
   103 | D        | Found a blossoming altar of Fedhas.
   103 | D        | Found an opulent altar of Gozag.
   104 | D        | Found a hazy altar of Hepliaklqana.
   105 | D        | Found a viscous altar of Jiyva.
   106 | D        | Found an ancient bone altar of Kikubaaqudgha.
   107 | D        | Found a corrupted altar of Lugonu.
   108 | D        | Found a burning altar of Makhleb.
   109 | D        | Found a sparkling altar of Nemelex Xobeh.
   110 | D        | Found an iron altar of Okawaru.
   111 | D        | Found a stormy altar of Qazlal.
   112 | D        | Found a sacrificial altar of Ru.
   113 | D        | Found a shimmering blue altar of Sif Muna.
   114 | D        | Found a bloodstained altar of Trog.
   115 | D        | Found a hide-covered altar of Uskayaw.
   116 | D        | Found a radiant altar of Vehumet.
   117 | D        | Found an ornate altar of the Wu Jian Council.
   118 | D        | Found a shimmering altar of Xom.
   119 | D        | Found a basalt altar of Yredelemnul.
   120 | D        | Found a glowing silver altar of Zin.
   121 | D        | Found a glowing golden altar of the Shining One.
   140 | D        | Got the +2 halberd of the Jumping King {speed, Int+4}
   181 | D        | Noticed an orc warrior
   181 | D        | Noticed a wraith
   181 | D        | Noticed a shadow
   181 | D        | Noticed a kobold brigand
   189 | D        | Killed an orc warrior
   189 | D        | Reached **** piety under Trog
   190 | D        | Reached skill level 8 in Polearms
   190 | D        | Reached XP level 5. HP: 44/48 MP: 5/5
   195 | D        | Killed a wraith
   196 | D        | Reached skill level 9 in Polearms
   196 | D        | Reached XP level 6. HP: 49/56 MP: 6/6
   200 | D        | Reached skill level 10 in Polearms
   202 | D        | Reached XP level 7. HP: 54/63 MP: 7/7
   208 | D        | Killed a shadow
   209 | D        | Reached skill level 11 in Polearms
   209 | D        | Reached skill level 5 in Armour
   215 | D        | Reached ***** piety under Trog
   216 | D        | Reached skill level 5 in Dodging
   389 | D        | Noticed a two-headed ogre
   389 | D        | Noticed a green ugly thing
   389 | D        | Noticed a kobold demonologist
   389 | D        | Noticed a manticore
   389 | D        | Noticed a centaur warrior
   392 | D        | Noticed a red devil
   398 | D        | Killed a two-headed ogre
   399 | D        | Reached skill level 10 in Fighting
   399 | D        | Reached skill level 13 in Polearms
   399 | D        | Reached XP level 8. HP: 55/72 MP: 8/8
   406 | D        | Killed a green ugly thing
   407 | D        | Reached skill level 14 in Polearms
   407 | D        | Reached XP level 9. HP: 55/79 MP: 9/9
   414 | D        | Killed a kobold demonologist
   414 | D        | Received a gift from Trog
   665 | D        | Killed a manticore
   666 | D        | Reached skill level 15 in Polearms
   669 | D        | Killed a centaur warrior
   670 | D        | Reached skill level 16 in Polearms
   670 | D        | Reached XP level 10. HP: 69/89 MP: 10/10
   978 | D        | Noticed a cane toad
   984 | D        | Received a gift from Trog
   985 | D        | Noticed a black mamba
   988 | D        | Reached skill level 1 in Stealth
   993 | D        | Killed a cane toad
   994 | D        | Reached skill level 17 in Polearms
   997 | D        | Noticed a komodo dragon
  1006 | D        | Killed a black mamba
  1014 | D        | Killed a komodo dragon
  1060 | D        | Noticed a komodo dragon
  1060 | D        | Noticed a four-headed hydra
  1069 | D        | Received a gift from Trog
  1069 | D        | Noticed a komodo dragon
  1070 | D        | Reached skill level 18 in Polearms
  1071 | D        | Noticed an elephant
  1073 | D        | Killed a komodo dragon
  1076 | D        | Killed a one-headed hydra
  1077 | D        | Reached XP level 11. HP: 98/98 MP: 11/11
  1091 | D        | Killed an elephant
  1092 | D        | Reached skill level 19 in Polearms
  1131 | D        | Noticed a death yak
  1131 | D        | Noticed a death yak
  1131 | D        | Noticed a death yak
  1131 | D        | Noticed a catoblepas
  1131 | D        | Noticed a death yak
  1131 | D        | Noticed a death yak
  1136 | D        | Killed a death yak
  1136 | D        | Received a gift from Trog
  1137 | D        | Noticed a death yak
  1139 | D        | Killed a death yak
  1139 | D        | Reached ****** piety under Trog
  1142 | D        | Killed a death yak
  1201 | D        | Killed a catoblepas
  1202 | D        | Reached skill level 20 in Polearms
  1563 | D        | Reached skill level 15 in Fighting
  1565 | D        | Killed a death yak
  1569 | D        | Killed a death yak
  1579 | D        | Killed a death yak
  1579 | D        | Received a gift from Trog
  1724 | D        | Noticed Urug
  1736 | D        | Killed Urug
  1737 | D        | Reached XP level 12. HP: 111/111 MP: 12/12
  1834 | D        | Received a gift from Trog
  1852 | D        | Identified the +3 halberd "Afyokuys" {vorpal, Str+2} (Trog
                  | gifted it to you in the Dungeon)
  1852 | D        | Received a gift from Trog
  2146 | D        | Reached skill level 21 in Polearms
  2148 | D        | Reached skill level 10 in Armour
  2156 | D        | Identified the +8 halberd of Daibauha {flame, Fly rF+++ rC-
                  | rCorr} (Trog gifted it to you in the Dungeon)
  2156 | D        | Received a gift from Trog
  2210 | D        | Found Cussimp's Book Emporium.
  2215 | D        | Received a gift from Trog
  2216 | D        | Found Niuzivimp's Armour Shoppe.
  2222 | D        | Found Atruc's Jewellery Emporium.
  2231 | D        | Identified the +9 glaive of Yniw {flame, *Slow rPois Str+6
                  | SInv} (Trog gifted it to you in the Dungeon)
  2231 | D        | Received a gift from Trog
  2234 | D        | Noticed a sixfirhy
  2236 | D        | Noticed a soul eater
  2237 | D        | Found Pagotaps's Book Shoppe.
  2246 | D        | Received a gift from Trog
  2268 | D        | Reached skill level 22 in Polearms
  2398 | D        | Bought an amulet of faith for 480 gold pieces
  2401 | D        | Bought a +1 plate armour of poison resistance for 448 gold
                  | pieces
  2414 | D        | Bought an amulet of reflection for 360 gold pieces
  2414 | D        | Bought a +4 ring of protection for 432 gold pieces
  2551 | D        | Got the +0 pair of boots of Sophism {rElec rCorr Int-2
                  | Stlth+}
  2631 | D        | Noticed a tengu warrior
  2638 | D        | Received a gift from Trog
  2639 | D        | Noticed a boulder beetle
  2641 | D        | Killed a tengu warrior
  2641 | D        | Noticed a seven-headed hydra
  2642 | D        | Noticed a green very ugly thing
  2645 | D        | Noticed a white very ugly thing
  2646 | D        | Received a gift from Trog
  2647 | D        | Noticed a frost giant
  2658 | D        | Killed a boulder beetle
  2659 | D        | Reached skill level 1 in Evocations
  2660 | D        | Noticed a rakshasa
  2661 | D        | Killed a four-headed hydra
  2662 | D        | Reached XP level 13. HP: 48/122 MP: 13/13
  2664 | D        | Killed a purple very ugly thing
  2666 | D        | Killed a purple very ugly thing
  2712 | D        | Received a gift from Trog
  2935 | D        | Killed a frost giant
  3012 | D        | Killed a rakshasa
  3013 | D        | Reached skill level 23 in Polearms
  3229 | D        | Received a gift from Trog
  3489 | D        | Noticed a nagaraja
  3489 | D        | Noticed an anaconda
  3494 | D        | Killed a nagaraja
  3497 | D        | Identified the +7 halberd "Powialam" {vorpal, rC- Will+
                  | Str+4} (Trog gifted it to you in the Dungeon)
  3497 | D        | Received a gift from Trog
  3504 | D        | Killed an anaconda
  3506 | D        | Received a gift from Trog
  3513 | D        | Reached skill level 5 in Stealth
  3519 | D        | Received a gift from Trog
  3569 | D        | Noticed an eight-headed hydra
  3569 | D        | Noticed a five-headed hydra
  3573 | D        | Killed a six-headed hydra
  3854 | D        | Identified the +4 glaive of Iconoclasm {vorpal, rCorr}
                  | (Trog gifted it to you in the Dungeon)
  3854 | D        | Received a gift from Trog
  3855 | D        | Killed a one-headed hydra
  3864 | D        | Received a gift from Trog
  3980 | D        | Noticed a merfolk javelineer
  3980 | D        | Noticed an alligator snapping turtle
  3982 | D        | Reached skill level 24 in Polearms
  3983 | D        | Killed a merfolk javelineer
  3984 | D        | Reached skill level 15 in Armour
  3984 | D        | Reached XP level 14. HP: 135/135 MP: 14/14
  3995 | D        | Received a gift from Trog
  4007 | D        | Received a gift from Trog
  4068 | D        | Noticed an emperor scorpion
  4077 | D        | Killed an emperor scorpion
  4084 | D        | Received a gift from Trog
  4345 | D        | Noticed Nergalle
  4352 | D        | Killed Nergalle
  4352 | D        | Received a gift from Trog
  4415 | D        | Noticed a lich
  4423 | D        | Noticed a cyan very ugly thing
  4425 | D        | Killed a lich
  4430 | D        | Received a gift from Trog
  4431 | D        | Reached skill level 25 in Polearms
  4438 | D        | Killed a cyan very ugly thing
  4444 | D        | Received a gift from Trog
  4459 | D        | Noticed a spark wasp
  4461 | D        | HP: 7/140 [ettin (31)]
  4466 | D        | Received a gift from Trog
  4471 | D        | Killed a spark wasp
  4767 | D        | Noticed an ironbound preserver
  4773 | D        | Killed an ironbound preserver
  4773 | D        | Received a gift from Trog
  4775 | D        | Reached skill level 26 in Polearms
  4780 | D        | Reached XP level 15. HP: 148/148 MP: 15/15
  4784 | D        | Received a gift from Trog
  4795 | D        | Received a gift from Trog
  4796 | D        | Noticed a vault warden
  4807 | D        | Noticed a vault warden
  4820 | D        | Killed a vault warden
  4820 | D        | Received a gift from Trog
  4829 | D        | Shot with a bolt by a yaktaur captain

Illustrated notes

Levels and vault maps discovered:
D:        linesprint [early_d, line_temple, items_1, d_10, items_2, lair_1,
          lair_end, items_3, orc_1, orc_end, items_4, d_15, swamp_1, shoals_1,
          snake_1, spider_1, d_20, vaults_1, items_5, swamp_end, shoals_end,
          snake_end, spider_end, vaults_end, d_27, items_6, zot_1, zot_end,
          crypt_end, forest_end, elf_end, slime_end, tomb_end, abyss_end,
          pan_hell_end]

Skill      XL: |  1  2  3  4  5  6  7  8  9 10 11 12 13 14 15 |
---------------+----------------------------------------------+-----
Fighting       | 4 5 7 8 10 11 13 15 17 20 22 23 | 23.5
Polearms       | 4 5 8 9 10 13 14 16 18 20 22 24 26 | 26.6
Dodging        | 3 4 5 6 7 8 |  8.2
Armour         | 3 4 6 7 8 9 11 15 17 18 | 18.0
Stealth        | 2 3 4 5 |  5.2
Evocations     | 1 2 |  2.7

Action                   |  1- 3 |  4- 6 |  7- 9 | 10-12 | 13-15 || total
-------------------------+-------+-------+-------+-------+-------++-------
Melee: Spear             |    25 |    10 |       |       |       ||    35
       Halberd           |       |    18 |    47 |    66 |       ||   131
       Glaive            |       |       |       |   143 |   202 ||   345
Invok: Berserk           |     1 |     1 |     2 |    10 |     8 ||    22
       Brothers in Arms  |       |       |       |       |     7 ||     7
       Trog's Hand       |       |       |       |       |     1 ||     1
Evoke: Wand              |       |       |       |     2 |     2 ||     4
  Use: Scroll            |       |       |       |     2 |     2 ||     4
       Potion            |       |       |       |       |     4 ||     4
Armor: Animal skin       |     3 |     1 |       |       |       ||     4
       Ring mail         |       |       |     3 |    21 |       ||    24
       Plate armour      |       |       |       |    11 |    73 ||    84
Dodge: Dodged            |    11 |     3 |     4 |    33 |    60 ||   111

Table legend: (Time is in decaauts)
 A = Elapsed time spent in this place.
 B = Non-inter-level travel time spent in this place.
 C = Inter-level travel time spent in this place.
 D = Time resting spent in this place.
 E = Time spent auto-exploring this place.
 F = Levels seen in this place.
 G = Mean time per level.
                   A        B        C        D        E       F      G
               +--------+--------+--------+--------+--------+-----+--------+
         Total |   4810 |   4810 |      0 |   2682 |    713 |   1 | 4810.0 |
       Dungeon |   4810 |   4810 |      0 |   2682 |    713 |   1 | 4810.0 |
               +--------+--------+--------+--------+--------+-----+--------+

Top non-repeatable levels by time:
       D: 4810 daAuts
